 Dungeon Crawl Stone Soup version 0.17-a0-1718-g72dbe4d (webtiles) character file.

856 Kidiri the Covered (level 7, -1/60 HPs)
             Began as a Minotaur Fighter on Aug 25, 2015.
             Slain by a mummy (5 damage)
             ... in an ossuary.
             The game lasted 00:11:57 (4256 turns).

Kidiri the Covered (Minotaur Fighter)               Turns: 4256, Time: 00:11:58

Health: -1/60      AC: 11    Str: 22    XL:     7   Next: 70%
Magic:  6/6        EV:  9    Int:  5    God:
Gold:   219        SH: 10    Dex: 10    Spells: 0 memorised, 6 levels left

rFire  . . .     SeeInvis .     a - +2 war axe
rCold  . . .     Clarity  .     b - +0 scale mail
rNeg   + . .     SustAt   .     c - +0 shield
rPois  .         Gourm    .     (helmet restricted)
rElec  .         Spirit   .     (no cloak)
rCorr  .         Warding  .     l - +0 pair of gloves
rMut   .         Stasis   .     (no boots)
MR     .....                    (no amulet)
Stlth  ..........               (no ring)
                                n - ring of positive energy

@: not resistant to hostile enchantments, extremely unstealthy
A: retaliatory headbutt, horns 2, slimy green scales 1, breathe flames 2
a: Breathe Fire


You were in an ossuary.
You were not hungry.

You visited 1 branch of the dungeon, and saw 4 of its levels.
You also visited: Ossuary.

You collected 219 gold pieces.

Inventory:

Hand weapons
 a - a +2 war axe (weapon)
Armour
 b - a +0 scale mail (worn)
 c - a +0 shield (worn)
 l - a +0 pair of gloves (worn)
Jewellery
 n - a ring of positive energy (left hand)
Magical devices
 k - a wand of frost (38)
Scrolls
 f - a scroll of teleportation
Potions
 d - 4 potions of might
 h - 2 potions of flight
 i - 2 potions of brilliance {unknown}
 j - 2 potions of invisibility
 o - a potion of heal wounds {unknown}
 q - a potion of poison {unknown}
Comestibles
 e - 3 bread rations
 m - 2 meat rations


   Skills:
 + Level 4.7 Fighting
 * Level 5.4 Axes
 * Level 6.8 Armour
 + Level 3.2 Dodging
 * Level 6.3 Shields


You had 6 spell levels left.
You didn't know any spells.

Dungeon Overview and Level Annotations

Branches:
Dungeon (4/15)
 Temple: D:4-7

Altars:
Elyvilon
Gozag
Ru


Innate Abilities, Weirdness & Mutations

You reflexively headbutt those who attack you in melee.
You have a pair of horns on your head.
You are partially covered in slimy green scales (AC +2).
You can breathe fire.


Message History

You hit the mummy but do no damage.
The mummy is heavily damaged.
You barely miss the mummy.
The mummy is lightly damaged.
The mummy hits you but does no damage.
Unknown command.
You hit the mummy but do no damage.
The mummy is lightly damaged.
You hit the mummy but do no damage.
The mummy is heavily damaged.
You block the mummy's attack.
Unknown command.
You slash the mummy!
The mummy is almost destroyed.
You hit the mummy.
The mummy is severely damaged.
The mummy hits you.
* * * LOW HITPOINT WARNING * * *
The mummy hits you.
You die...

#..#...#...#...#...#...#...#
#..#.########'##'#########.#
#..'.#....#....#....#....'.#
#..###....#....#....#....###
#..#.#....#....#....#....# +
#..#.'.........#....#....# #
#..'.####......#...#######
#..###.............
#..#.#....'@M......
#..#.#......M.!?!..
#..'.'......./!$!?.
#..########..!$∩$?. #..#
...??$??. #..# ....!?!..
#..+ ......... #..#
.......... #..#


You could see 2 mummies.

Vanquished Creatures
  Menkaure (Ossuary)
  Duvessa (D:4)
  The ghost of Zebura the Chopper, an average NaBe of Trog (D:3)
  Dowan (D:4)
  A scorpion (D:4)
  A crimson imp (D:4)
  A hound (D:4)
  An orc priest (D:4)
  2 orc wizards (D:4)
  2 ogre zombies (Ossuary)
  2 mummies (Ossuary)
  5 gnolls
  7 adders
  An ooze (D:4)
  An adder zombie (Ossuary)
  An adder skeleton (D:4)
  A worm (D:4)
  3 giant geckos
  5 orcs
  12 goblins
  9 hobgoblins
  10 jackals
  2 quokkas (D:2)
  11 bats
  4 giant cockroaches
  A giant gecko skeleton (D:4)
  6 giant newts
  2 goblin zombies (Ossuary)
  2 hobgoblin zombies (Ossuary)
  12 kobolds
  2 quokka zombies (Ossuary)
  14 rats
  A rat zombie (Ossuary)
126 creatures vanquished.

Notes
Turn   | Place    | Note
--------------------------------------------------------------
     0 | D:1      | Kidiri the Minotaur Fighter began the quest for the Orb.
     0 | D:1      | Reached XP level 1. HP: 19/19 MP: 0/0
    66 | D:1      | Reached XP level 2. HP: 18/27 MP: 1/1
   332 | D:1      | Reached skill level 4 in Armour
   503 | D:1      | Reached XP level 3. HP: 33/33 MP: 2/2
   614 | D:1      | Reached skill level 1 in Dodging
  1288 | D:2      | Reached XP level 4. HP: 35/40 MP: 3/3
  1356 | D:2      | Gained mutation: You are partially covered in slimy green scales (AC +2). [potion of mutation]
  1356 | D:2      | Gained mutation: You can breathe flames. [potion of mutation]
  1356 | D:2      | Gained mutation: You can breathe fire. [potion of mutation]
  2142 | D:2      | Reached XP level 5. HP: 27/46 MP: 4/4
  2590 | D:3      | Reached skill level 5 in Armour
  2737 | D:3      | Noticed Zebura's ghost (average NaBe)
  2746 | D:3      | Killed Zebura's ghost
  2746 | D:3      | Reached skill level 5 in Shields
  2882 | D:3      | Found an opulent altar of Gozag.
  2972 | D:3      | Reached XP level 6. HP: 52/52 MP: 5/5
  3700 | D:4      | Found a sacrificial altar of Ru.
  3798 | D:4      | Reached skill level 6 in Armour
  3838 | D:4      | Noticed Duvessa
  3841 | D:4      | Noticed Dowan
  3847 | D:4      | Killed Duvessa
  3847 | D:4      | Reached XP level 7. HP: 30/60 MP: 6/6
  3855 | D:4      | Killed Dowan
  3886 | D:4      | Found a sand-covered staircase.
  3892 | D:4      | Found a white marble altar of Elyvilon.
  3907 | Ossuary  | Entered an ossuary
  4076 | Ossuary  | Reached skill level 5 in Axes
  4243 | Ossuary  | Noticed Menkaure
  4253 | Ossuary  | Killed Menkaure
  4256 | Ossuary  | Slain by a mummy

Vault maps used:
D:1:      eino_arrival_cavern_e, serial_co_window_serial, co_window_paths_a,
          co_window_paths_a, co_window_corner_a, co_window_corner_a,
          co_window_paths_b, co_window_corner_b, co_window_paths_c,
          co_window_corner_cb, co_window_sun, glass_columns_a, glass_columns_b,
          minmay_misc_feat_alley, minmay_stone_trees_small
D:3:      nicolae_gozag_cash_rules_everything_around_me, first_bread
D:4:      zin_statuary, kennysheep_mini, grunt_temple_overflow_open,
          nicolae_ossuary_entry_monument, elyvilon_altar_3, uniq_duvessa
Ossuary:  ossuary_boxes_badplayer

Action                   |  1- 3 |  4- 6 |  7- 9 || total
-------------------------+-------+-------+-------++-------
Melee: War axe           |    88 |   153 |    49 ||   290
  Use: Scroll            |     5 |     9 |       ||    14
       Potion            |       |     1 |     3 ||     4
  Eat: Chunk             |     1 |     2 |       ||     3
       Bread ration      |       |     2 |       ||     2
